 Dungeon Crawl Stone Soup version 0.28.0 (webtiles) character file.

Game seed: 16243896384693867936

49 GrayStillPlays the Skirmisher (level 3, -6/29 HPs)
             Began as a Demonspawn Fighter on Feb 15, 2022.
             Mangled by Sigmund (8 damage)
             ... on level 2 of the Dungeon.
             The game lasted 00:01:47 (1048 turns).

GrayStillPlays the Skirmisher (Demonspawn Fighter)  Turns: 1048, Time: 00:01:47

Health: -6/29      AC:  6    Str: 18    XL:     3   Next: 51%
Magic:  3/3        EV:  9    Int:  9    God:
Gold:   69         SH:  0    Dex: 12    Spells: 2/2 levels left

rFire   . . .      SeeInvis .   a - +0 war axe {axe}
rCold   . . .      Faith    .   c - +0 buckler
rNeg    . . .      Spirit   .   b - +0 scale mail
rPois   .          Reflect  .   (no helmet)
rElec   .          Harm     .   (no cloak)
rCorr   .          Rampage  .   (no gloves)
Will    .....                   (no boots)
Stlth   ..........              (no amulet)
HPRegen 0.09/turn               (no ring)
MPRegen 0.08/turn               (no ring)

@: confused, mighty
A: weakness stinger 1
a: no special abilities


You were on level 2 of the Dungeon.
You visited 1 branch of the dungeon, and saw 2 of its levels.

You collected 69 gold pieces.


Innate Abilities, Weirdness & Mutations

You have a small tail.


   Skills:
 + Level 3.4 Fighting
 + Level 2.3 Axes
 + Level 3.1 Armour
 + Level 3.1 Shields


You had 2 spell levels left.
You didn't know any spells.
Your spell library contained the following spells:

 Spells                   Type           Power      Damage    Failure   Level
 Ensorcelled Hibernation  Hex/Ice        0%         N/A       94%         2
 Static Discharge         Conj/Air       0%         N/A       94%         2

Inventory:

Hand Weapons
 a - a +0 war axe (weapon) {axe}
Missiles
 f - 4 stones (quivered) {throwing}
Armour
 b - a +0 scale mail (worn)
 c - a +0 buckler (worn)
Jewellery
 k - a ring of positive energy
   (You found it on level 1 of the Dungeon)
Scrolls
 e - 2 scrolls of teleportation {unknown}
 h - 3 scrolls of immolation {unknown}
 i - a scroll of magic mapping {unknown}
 j - a scroll of torment {unknown}
Potions
 g - a potion of heal wounds {unknown}

Dungeon Overview and Level Annotations

Branches:
Dungeon (2/15)

Altars:

Annotations:
D:2 Sigmund

####### #.....#
#........# #.....#
#........ #.....#
#........######.....#
.....<.............#
.......###........#
...(###{@.##..<..# .
#.#.....##########
... ##.#...##
....#†.....#
...........###
#.......<....#
####...#####....
#..... #### #$...#


There were no monsters in sight!


Message History

You see here a +0 short sword {short}.
Key pressed, stopping explore.
Key pressed, stopping explore.
Done exploring.
Done exploring.
Done exploring.
Done exploring.
There is a stone staircase leading down here.
You climb downwards.
The adder hisses angrily.
Found 12 gold pieces and 17 stones.
Found a stone staircase leading up.
There is a stone staircase leading up here.
An adder is nearby!
An adder is nearby!
A bat comes into view.
You closely miss the adder. The adder bites you but does no damage.
You block the adder's attack.
You hit the adder. The adder barely misses you.
The adder bites you but does no damage.
You closely miss the adder. The adder misses you.
The adder bites you but does no damage.
You miss the adder. You tail-slap the adder. You block the adder's attack.
The adder bites you but does no damage.
You closely miss the adder. The adder bites you but does no damage.
The adder closely misses you.
You closely miss the adder. The adder bites you but does no damage.
You barely miss the adder. You tail-slap the adder.
You kill the adder!
The bat hits you but does no damage. The bat hits you but does no damage.
You closely miss the bat. The bat hits you but does no damage. x2
You closely miss the bat. The bat hits you but does no damage. x2
You barely miss the bat.
Your tail-slap misses the bat.
The bat hits you but does no damage. x2
You miss the bat. You tail-slap the bat.
You kill the bat!
Sigmund the Dreaded comes into view.
He is wielding a +0 scythe.
Sigmund shouts!
Sigmund points at you and mumbles some strange words.
You are confused.
You're too confused to move!
You bump into the rock wall.
Sigmund gestures at you while chanting.
You are more confused.
Sigmund drinks a potion.
Sigmund flickers and vanishes!
Deactivating autopickup; reactivate with Ctrl-A.
There is a stone staircase leading up here.
You can't go down here!
Unknown command.
You climb upwards.
Reactivating autopickup.
There is a stone staircase leading down here.
You start waiting.
You feel less confused.
Done waiting.
There is a stone staircase leading down here.
You climb downwards.
Level annotation: Sigmund
There is a stone staircase leading up here.
Sigmund shouts!
You feel very mighty all of a sudden.
Sigmund hits you from afar with a +0 scythe. 😕 HP[-6]
You take 6 damage, and now have 23/29 hp.
MASSIVE DAMAGE!! (PAUSE) Sigmund casts a spell.
Sigmund flickers and vanishes!
Deactivating autopickup; reactivate with Ctrl-A.
You miss something.
Something hits you but does no damage. 😕 HP[+1]
You closely miss something.
Your tail-slap misses something.
Something hits you!
* * * LOW HITPOINT WARNING * * *
😨 HP[-11]
You take 11 damage, and now have 13/29 hp.
MASSIVE DAMAGE!! (PAUSE)
You closely miss something.
You hear some strange, mumbled words.
You are confused.
Something hits you.
* * * LOW HITPOINT WARNING * * *
😨 HP[-4]
You take 4 damage, and now have 9/29 hp.
Something hits you!
* * * LOW HITPOINT WARNING * * *
😱 HP[-8]
You take 8 damage, and now have 1/29 hp.
MASSIVE DAMAGE!! (PAUSE)
You bump into the rock wall.
You miss something.
Your tail-slap misses something.
You hear some strange, mumbled words.
You are more confused.
Something hits you but does no damage.
You hear some strange, mumbled words.
A puff of flame appears from out of thin air!
The puff of flame hits you but does no damage.
You bump into the rock wall.
Something hits you but does no damage.
You bump into the rock wall.
Something hits you!
You die...

Skill      XL: |  1  2 |
---------------+-------+-----
Axes           | 2 |  2.3
Armour         | 3 |  3.1
Shields        | 3 |  3.1
Fighting       | |  3.4

Action                   || total
-------------------------++-------
Melee: War axe           ||    74
       Tailslap          ||     8
  Use: Potion            ||     1
Armor: Scale mail        ||    60
Dodge: Dodged            ||    28
Block: Buckler           ||    14

Levels and vault maps discovered:
D:1:      lightli_arrival_statuegarden, layout_basic
D:2:      layout_rooms, shapermc_ecumenical_altar_rom_forum, nicolae_wormholes,
          uniq_sigmund, uniq_robin, uniq_jessica, uniq_natasha

Notes
Turn   | Place    | Note
-------+----------+-------------------------------------------
     0 | D:1      | GrayStillPlays the Demonspawn Fighter began the quest for
                  | the Orb.
     0 | D:1      | Reached XP level 1. HP: 18/18 MP: 1/1
     0 | D:1      | magus.rc [v1.9.6]
    38 | D:1      | Reached skill level 2 in Axes
   140 | D:1      | Gained mutation: You have a small tail. [demonic ancestry]
   140 | D:1      | Reached XP level 2. HP: 22/24 MP: 2/2
   409 | D:1      | Reached skill level 3 in Armour
   409 | D:1      | Reached skill level 3 in Shields
   422 | D:1      | You add the spells Static Discharge and Ensorcelled
                  | Hibernation to your library.
   422 | D:1      | Got the Reference Book on Icy Arcane Weapons
   434 | D:1      | Reached XP level 3. HP: 26/29 MP: 3/3
   877 | D:2      | Noticed Sigmund
  1042 | D:2      | HP: 1/29 [something (8)]
  1048 | D:2      | Mangled by Sigmund

Vanquished Creatures
  An adder (D:2)
  A dart slug (D:1)
  A ball python (D:1)
  An endoplasm (D:1)
  4 hobgoblins (D:1)
  8 jackals (D:1)
  4 bats
  A frilled lizard (D:1)
  6 goblins (D:1)
  4 kobolds (D:1)
  A rat (D:1)
32 creatures vanquished.

Table legend:
 A = Non-vault XP
 B = Vault XP
 C = Vault XP percentage of total XP
 D = Non-vault monster count
 E = Vault monster count
 F = Vault count percentage of total count
                 A         B        C        D         E       F
            +---------+---------+-------+---------+---------+-------
      Total |      70 |       0 |   0.0 |      32 |       0 |   0.0
            +---------+---------+-------+---------+---------+-------
        D:1 |      55 |       0 |   0.0 |      30 |       0 |   0.0
        D:2 |      15 |       0 |   0.0 |       2 |       0 |   0.0
            +---------+---------+-------+---------+---------+-------

Illustrated notes

Table legend:
 A = Kills in this place as a percentage of kills in entire the game.
 B = Kills by you in this place as a percentage of kills by you in the entire game.
 C = Kills by friends in this place as a percentage of kills by friends in the entire game.
 D = Other kills in this place as a percentage of other kills in the entire game.
 E = Experience gained in this place as a percentage of experience gained in the entire game.
 F = Experience gained in this place divided by the number of levels of this place that you have seen.
                   A       B       C       D       E      F
               +-------+-------+-------+-------+-------+----------------------
         Total | 100.0 | 100.0 |   N/A |   N/A | 100.0 |  35.0
       Dungeon | 100.0 | 100.0 |   N/A |   N/A | 100.0 |  35.0
               +-------+-------+-------+-------+-------+----------------------

Table legend: (Time is in decaauts)
 A = Elapsed time spent in this place.
 B = Non-inter-level travel time spent in this place.
 C = Inter-level travel time spent in this place.
 D = Time resting spent in this place.
 E = Time spent auto-exploring this place.
 F = Levels seen in this place.
 G = Mean time per level.
                   A        B        C        D        E       F      G
               +--------+--------+--------+--------+--------+-----+--------+
         Total |   1081 |   1041 |     40 |    100 |    718 |   2 |  540.5 |
       Dungeon |   1081 |   1041 |     40 |    100 |    718 |   2 |  540.5 |
               +--------+--------+--------+--------+--------+-----+--------+

Top non-repeatable levels by time:
     D:1: 1029 daAuts
     D:2: 51 daAuts
